 Dungeon Crawl Stone Soup version 0.29.1-13-g9f3cf754e1 (webtiles) character file.

Game seed: 4043171020358871231

74 booth the Thaumaturge (level 4, -16/34 HPs)
             Began as a Gnoll Wanderer on Feb 1, 2023.
             Was a Follower of Zin.
             Killed by an exploding Terence (26 damage)
             ... ignited by their inner flame
             ... on level 2 of the Dungeon.
             The game lasted 00:13:58 (2300 turns).

booth the Thaumaturge (Gnoll Wanderer)              Turns: 2300, Time: 00:13:59

Health: -16/34     AC:  6    Str: 11    XL:     4   Next: 30%
Magic:  16/17      EV: 10    Int: 14    God:    Zin [*.....]
Gold:   46         SH:  7    Dex: 11    Spells: 19/25 levels left

rFire   . . .      SeeInvis .   a - +0 dagger
rCold   . . .      Faith    .   d - +2 buckler
rNeg    . . .      Spirit   .   b - +0 ring mail
rPois   .          Reflect  .   (no helmet)
rElec   .          Harm     .   (no cloak)
rCorr   +          Rampage  .   i - +0 pair of gloves
Will    .....                   (no boots)
Stlth   +.........              (no amulet)
HPRegen 0.11/turn               l - ring of resist corrosion
MPRegen 0.15/turn               (no ring)

@: no status effects
A: fangs 1, strong nose, distributed training
a: Renounce Religion, Recite, Donate Gold


You were on level 2 of the Dungeon.
You worshipped Zin.
Zin was aware of your devotion.
You visited 1 branch of the dungeon, and saw 2 of its levels.

You collected 51 gold pieces.
You donated 5 gold pieces to Zin.

Inventory:

Hand Weapons
 a - a +0 dagger (weapon)
Armour
 b - a +0 ring mail (worn)
 d - a +2 buckler (worn)
 i - a +0 pair of gloves (worn)
Jewellery
 l - a ring of resist corrosion (left hand)
Scrolls
 c - a scroll of teleportation
 f - a scroll of immolation
 h - 2 scrolls of identify {unknown}
 j - a scroll of vulnerability {unknown}
 k - a scroll of enchant armour {unknown}
Potions
 e - a potion of degeneration {unknown}
 g - a potion of mutation {unknown}


   Skills:
 + Level 2.7 Fighting
 + Level 1.1 Short Blades
 + Level 1.1 Long Blades
 + Level 1.1 Axes
 + Level 1.1 Maces & Flails
 + Level 1.1 Polearms
 + Level 1.1 Staves
 + Level 1.1 Ranged Weapons
 + Level 1.1 Throwing
 + Level 2.7 Armour
 + Level 1.1 Dodging
 + Level 1.1 Stealth
 + Level 6.6 Shields
 + Level 1.1 Unarmed Combat
 + Level 11.3 Spellcasting
 + Level 0.9 Conjurations
 + Level 0.9 Hexes
 + Level 0.9 Summonings
 + Level 0.9 Necromancy
 + Level 0.9 Translocations
 + Level 0.9 Transmutations
 + Level 0.9 Fire Magic
 + Level 0.9 Ice Magic
 + Level 0.9 Air Magic
 + Level 0.9 Earth Magic
 + Level 0.9 Poison Magic
 + Level 1.2 Invocations
 + Level 1.1 Evocations


You had 19 spell levels left.
You knew the following spells:

 Your Spells              Type           Power      Damage    Failure   Level
a - Foxfire               Conj/Fire      40%        2x1d6     19%         1
b - Ensorcelled Hibernat  Hex/Ice        20%        N/A       26%         2
c - Conjure Flame         Conj/Fire      10%        6-21      47%         3

Your spell library contained the following spells:

 Spells                   Type           Power      Damage    Failure   Level
 Spider Form              Tmut/Pois      10%        N/A       47%         3
 Anguish                  Hex/Necr       5%         N/A       87%         4


Dungeon Overview and Level Annotations

Branches:
Dungeon (2/15)

Altars:
Zin


Innate Abilities, Weirdness & Mutations

You have very sharp teeth.
Your uncanny sense of smell can sniff out nearby items.
Your experience applies equally to all skills.


Message History

Casting: Foxfire (safe; 19% risk of failure)
Confirm with . or Enter, or press ? or * to list all spells.
You conjure some foxfire!
You block Terence's attack.
The foxfire hits the ball python.
The ball python is severely wounded.
You barely miss Terence. You bite Terence, but do no damage.
Terence is moderately wounded.
The foxfire hits the ball python.
You kill the ball python!
You block Terence's attack.
The goblin shoots a sling bullet.
The sling bullet barely misses you.
You hit Terence but do no damage.
Terence is moderately wounded.
Terence hits you with a +0 mace.
You closely miss Terence.
Terence is moderately wounded.
Terence hits you with a +0 mace.
The goblin unwields a +0 sling.
The goblin wields a +0 club.
The goblin hits you with a +0 club.
You hit Terence but do no damage.
Terence is moderately wounded.
Terence hits you with a +0 mace.
* * * LOW HITPOINT WARNING * * *
As you read the scroll labelled NELUT LIDEROSU, it crumbles to dust.
The creatures around you are filled with an inner flame!
It was a scroll of immolation.
The goblin closely misses you. Terence hits you but does no damage.
The rat barely misses you.
You hit Terence.
Flame seeps out of Terence.
You bite Terence, but do no damage.
Terence is moderately wounded.
The goblin hits you but does no damage.
Terence is engulfed in blazing flames.
Flame seeps out of Terence.
You block Terence's attack. You block the rat's attack.
You barely miss Terence.
Terence is almost dead.
The goblin hits you but does no damage.
Terence is engulfed in blazing flames.
Terence explodes!
The fiery explosion engulfs the endoplasm!!!
The fiery explosion engulfs you!!
Ouch! That really hurt!
You die...

#....# ###....#
###.#.#..
###.......
.......# # ..
#.....##.#
....###.#.#gr..#
#......§°@#
#####.##### +#
#†# ##.#######.#
###..........#
.....######..#
§.....#####..#
.v...........#
###)..#.###.##


You could see a goblin (inner flame) and a rat (inner flame).

Vanquished Creatures
  Terence (D:2)
  2 adders (D:2)
  2 worms (D:2)
  2 bats (D:2)
  6 endoplasms
  2 giant cockroaches (D:1)
  4 goblins
  5 hobgoblins
  7 jackals (D:2)
  5 kobolds
  8 ball pythons
  3 rats
47 creatures vanquished.

Vanquished Creatures (others)
  50 foxfires
50 creatures vanquished.

Grand Total: 97 creatures vanquished

Notes
Turn   | Place    | Note
-------+----------+-------------------------------------------
     0 | D:1      | Reached skill level 11 in Spellcasting
     0 | D:1      | booth the Gnoll Wanderer began the quest for the Orb.
     0 | D:1      | booth set off with the following items: a +0 dagger, a +0
                  | ring mail, a scroll of teleportation, a +2 buckler; and the
                  | following spell memorised: Foxfire; and the following
                  | spells available to memorise: Conjure Flame.
     0 | D:1      | Reached XP level 1. HP: 17/17 MP: 12/12
    57 | D:1      | Found a faded altar of an unknown god.
    97 | D:1      | Reached XP level 2. HP: 18/23 MP: 9/14
   130 | D:1      | Prayed at the altar of an unknown god.
   130 | D:1      | Became a worshipper of Zin the Law-Giver
   130 | D:1      | Reached * piety under Zin
   729 | D:1      | Learned a level 2 spell: Ensorcelled Hibernation
   945 | D:1      | Reached XP level 3. HP: 28/28 MP: 15/15
  1091 | D:1      | Learned a level 3 spell: Conjure Flame
  1657 | D:2      | Reached skill level 1 in Invocations
  1677 | D:2      | Reached skill level 1 in Short Blades
  1677 | D:2      | Reached skill level 1 in Long Blades
  1677 | D:2      | Reached skill level 1 in Axes
  1677 | D:2      | Reached skill level 1 in Maces & Flails
  1677 | D:2      | Reached skill level 1 in Polearms
  1677 | D:2      | Reached skill level 1 in Staves
  1677 | D:2      | Reached skill level 1 in Ranged Weapons
  1677 | D:2      | Reached skill level 1 in Throwing
  1677 | D:2      | Reached skill level 1 in Dodging
  1677 | D:2      | Reached skill level 1 in Stealth
  1677 | D:2      | Reached skill level 1 in Unarmed Combat
  1677 | D:2      | Reached skill level 1 in Evocations
  1855 | D:2      | Reached XP level 4. HP: 27/34 MP: 12/17
  2284 | D:2      | Noticed Terence
  2300 | D:2      | Killed Terence
  2300 | D:2      | Killed by an exploding Terence... ignited by their inner
                  | flame

Illustrated notes

Levels and vault maps discovered:
D:1:      evilmike_arrival_come_back, layout_basic,
          ebering_ecumenical_altar_webs
D:2:      layout_loops_corners, uniq_terence

Skill      XL: |  1  2  3 |
---------------+----------+-----
Spellcasting   | | 11.3
Invocations    | 1 |  1.2
Short Blades   | 1 |  1.1
Long Blades    | 1 |  1.1
Axes           | 1 |  1.1
Maces & Flails | 1 |  1.1
Polearms       | 1 |  1.1
Staves         | 1 |  1.1
Ranged Weapons | 1 |  1.1
Throwing       | 1 |  1.1
Dodging        | 1 |  1.1
Stealth        | 1 |  1.1
Unarmed Combat | 1 |  1.1
Evocations     | 1 |  1.1
Fighting       | |  2.7
Armour         | |  2.7
Shields        | |  6.6
Conjurations   | |  0.9
Hexes          | |  0.9
Summonings     | |  0.9
Necromancy     | |  0.9
Translocations | |  0.9
Transmutations | |  0.9
Fire Magic     | |  0.9
Ice Magic      | |  0.9
Air Magic      | |  0.9
Earth Magic    | |  0.9
Poison Magic   | |  0.9

Action                   |  1- 3 |  4- 6 || total
-------------------------+-------+-------++-------
Melee: Dagger            |   112 |    71 ||   183
       Bite              |     9 |    10 ||    19
 Cast: Foxfire           |    28 |     5 ||    33
  Use: Scroll            |       |     1 ||     1
Armor: Ring mail         |    39 |    32 ||    71
Dodge: Dodged            |    45 |    39 ||    84
Block: Buckler           |    55 |    36 ||    91
